 Dungeon Crawl Stone Soup version 0.22.1-1-ga44c0e5 (webtiles) character file.

2500 Loudmushroom the Chopper (level 9, -8/57 HPs)
             Began as a Gargoyle Fighter on Sept 20, 2018.
             Killed by divine providence
             ... invoked by an orc priest
              (11 damage)
             ... on level 8 of the Dungeon on Sept 21, 2018.
             The game lasted 00:33:36 (7810 turns).

Loudmushroom the Chopper (Gargoyle Fighter)         Turns: 7810, Time: 00:33:36

Health: -8/57      AC: 25    Str: 23    XL:     9   Next: 53%
Magic:  9/9        EV:  5    Int:  8    God:
Gold:   338        SH: 11    Dex: 10    Spells: 8/8 levels left

rFire    . . .     SeeInvis .   a - +5 war axe
rCold    . . .     Gourm    .   c - +0 shield
rNeg     + . .     Faith    .   m - +0 plate armour
rPois    ∞         Spirit   .   s - +0 helmet
rElec    +         Reflect  .   D - +1 cloak
rCorr    .         Harm     .   (no gloves)
MR       .....                  p - +1 pair of boots
Stlth    ..........             (no amulet)
HPRegen  0.19/turn              (no ring)
MPRegen  0.11/turn              (no ring)

@: no status effects
A: negative energy resistance 1, electricity resistance, unbreathing,
petrification resistance, rot immunity, AC +6
a: no special abilities


You were on level 8 of the Dungeon.
You were not hungry.

You visited 2 branches of the dungeon, and saw 9 of its levels.

You collected 338 gold pieces.

Inventory:

Hand Weapons
 a - a +5 war axe (weapon)
 b - a +0 hunting sling
 q - a +0 flail
 L - a +0 blowgun
Missiles
 e - 278 stones
 j - 6 needles of confusion
 l - 23 poisoned needles
 o - 41 sling bullets
 r - 4 poisoned tomahawks (quivered)
 w - 3 curare-tipped needles
 F - 11 bolts
 G - 14 tomahawks
Armour
 c - a +0 shield (worn)
 m - a +0 plate armour (worn)
 p - a +1 pair of boots (worn)
 s - a +0 helmet (worn)
 D - a +1 cloak (worn)
Jewellery
 x - an uncursed ring of protection from fire {unknown}
Scrolls
 h - 8 scrolls of remove curse
 i - 2 scrolls of identify
 k - a scroll of fog
 y - a scroll of random uselessness {unknown}
 B - 3 scrolls of immolation
 H - a scroll of noise {unknown}
 K - a scroll of magic mapping {unknown}
Potions
 d - 4 potions of might
 g - a potion of cancellation
 n - 2 potions of mutation {unknown}
 t - 2 potions of haste
 u - 4 potions of flight
 v - a potion of curing
 z - a potion of resistance
 A - 2 potions of agility {unknown}
 C - 2 potions of lignification {unknown}
 E - a potion of degeneration {unknown}
 I - a potion of heal wounds {unknown}
Comestibles
 f - 23 rations
 J - a chunk of flesh


   Skills:
 + Level 7.0 Fighting
 * Level 7.5 Axes
 + Level 7.0 Armour
 + Level 6.9 Shields


You had 8 spell levels left.
You didn't know any spells.
Your spell library contained the following spells:

 Spells                   Type           Power        Failure   Level  Hunger
 Animate Skeleton         Necr           N/A          100%        1    ##.....
 Apportation              Tloc           #.....       100%        1    ##.....
 Confusing Touch          Hex            #.....       100%        1    ##.....
 Summon Small Mammal      Summ           #...         100%        1    ##.....


Dungeon Overview and Level Annotations

Branches:
Dungeon (8/15)             Temple (1/1) D:6
   Lair: D:8-11

Altars:
Ashenzari
Cheibriados
Dithmenos
Elyvilon
Fedhas
Gozag
Nemelex Xobeh
Qazlal
Ru
Trog
Vehumet
Wu Jian
Zin
The Shining One

Shops:
D:4 :


Innate Abilities, Weirdness & Mutations

You are resistant to torment.
Your stone body is resilient. (AC +6)
You are immune to poison.
You resist negative energy. (rN+)
You are resistant to electric shocks. (rElec)
You can survive without breathing.
You are immune to petrification.
You are immune to rotting.


Message History

The orc priest hits you but does no damage.
The orc priest looks braver for a moment.
The orc priest calls down the wrath of Beogh upon you.
Beogh smites you!
The orc priest looks braver for a moment.
The orc priest invokes the aid of Beogh against you.
Beogh smites you!
* * * LOW HITPOINT WARNING * * *
The orc priest invokes the aid of Beogh against you.
You struggle to resist.
The orc priest looks braver for a moment.
The orc priest invokes the aid of Beogh against you.
Beogh smites you!
* * * LOW HITPOINT WARNING * * *
The orc priest casts a cantrip, but nothing happens.
The orc priest casts a cantrip, but nothing happens.
The orc priest looks satisfied for a moment.
The orc priest calls down the wrath of Beogh upon you.
Beogh smites you!
You die...

##).## #.O.## . ##..##
##o.## .. ##..## ##oo##
.. ##..## ##...# ..#
##...# ##...## ##...##
##...## ##...## ###.o..#
#.###....# ##.....##
#........###...@..# #.
#####.##..........###...
#......#..<.........
#.###.##............ #.
#.#....#.....##
#.###.#..........#
#.........>.........
#....##......#...###
#.......####.......


You could see 4 orc priests.

Vanquished Creatures
  A centaur zombie (D:7)
  A hippogriff (D:7)
  Menkaure (D:5)
  A water moccasin (D:6)
  2 orc warriors
  3 ice beasts
  3 ogres
  A big kobold (D:8)
  2 bullfrogs (D:6)
  A wyvern skeleton (D:6)
  A scorpion (D:5)
  2 howler monkeys
  A bullfrog zombie (D:5)
  A crimson imp (D:7)
  A jelly (D:6)
  2 hounds
  A bullfrog skeleton (D:8)
  An iguana (D:6)
  2 orc wizards
  5 worker ants
  A hound zombie (D:5)
  A hound skeleton (D:4)
  Robin (D:4)
  13 adders
  2 shadow imps
  An ooze (D:5)
  2 worms
  2 dart slugs
  4 leopard geckos
  13 orcs
  3 giant cockroaches
  16 goblins
  7 hobgoblins
  6 jackals
  11 kobolds
  3 quokkas
  A ball python (D:3)
  6 bats
  4 frilled lizards
  8 rats
138 creatures vanquished.

Vanquished Creatures (others)
  A worm (D:2)
1 creature vanquished.

Grand Total: 139 creatures vanquished

Notes
Turn   | Place    | Note
-------+----------+-------------------------------------------
     0 | D:1      | Loudmushroom the Gargoyle Fighter began the quest for the
                  | Orb.
     0 | D:1      | Reached XP level 1. HP: 14/14 MP: 1/1
   302 | D:1      | Reached XP level 2. HP: 7/19 MP: 2/2
   994 | D:2      | Reached XP level 3. HP: 23/23 MP: 3/3
  1106 | D:2      | Found a radiant altar of Vehumet.
  1239 | D:2      | Reached XP level 4. HP: 29/29 MP: 4/4
  1243 | D:2      | Found a stormy altar of Qazlal.
  1243 | D:2      | Noticed a water elemental
  1288 | D:2      | Noticed an air elemental
  1787 | D:2      | Noticed a fire elemental
  1791 | D:2      | Noticed an earth elemental
  2014 | D:3      | Reached XP level 5. HP: 26/33 MP: 5/5
  3046 | D:4      | Found a glowing silver altar of Zin.
  3433 | D:4      | Reached XP level 6. HP: 38/38 MP: 6/6
  3433 | D:4      | Noticed Robin
  3444 | D:4      | Killed Robin
  3583 | D:4      | Found Ismol's Book Shoppe.
  3907 | D:5      | Entered Level 5 of the Dungeon
  4288 | D:5      | Noticed Menkaure
  4316 | D:5      | Killed Menkaure
  4316 | D:5      | Reached XP level 7. HP: 29/44 MP: 7/7
  4480 | D:5      | Reached skill level 5 in Fighting
  4480 | D:5      | Reached skill level 5 in Armour
  4480 | D:5      | Reached skill level 5 in Shields
  4933 | D:5      | Found a shadowy altar of Dithmenos.
  5280 | D:6      | Reached skill level 5 in Axes
  5557 | D:6      | Found a staircase to the Ecumenical Temple.
  5580 | Temple   | Entered the Ecumenical Temple
  5838 | D:6      | Reached XP level 8. HP: 49/50 MP: 8/8
  6823 | D:7      | Reached XP level 9. HP: 53/56 MP: 9/9
  7805 | D:8      | HP: 2/57 [orc priest/divine providence (16)]
  7810 | D:8      | Killed from afar by an orc priest

Skill      XL: |  1  2  3  4  5  6  7  8  9 |
---------------+----------------------------+-----
Axes           | 2 3 4 5 6 7 |  7.5
Shields        | 4 5 6 |  6.9
Fighting       | 4 5 6 7 |  7.0
Armour         | 4 5 6 7 |  7.0

Action                   |  1- 3 |  4- 6 |  7- 9 || total
-------------------------+-------+-------+-------++-------
Melee: War axe           |   123 |   293 |   185 ||   601
 Fire: Hunting sling     |       |     3 |       ||     3
Throw: Tomahawk          |       |       |     4 ||     4
  Use: Scroll            |       |    15 |     2 ||    17
  Eat: Chunk             |     1 |     9 |     6 ||    16
       Ration            |       |     1 |     1 ||     2
Armor: Scale mail        |    64 |   123 |       ||   187
       Chain mail        |       |    74 |       ||    74
       Plate armour      |       |    18 |   114 ||   132
Dodge: Dodged            |    44 |    85 |    29 ||   158
Block: Shield            |    60 |   141 |    95 ||   296
